 Dungeon Crawl Stone Soup version 0.31-a0-484-g30e62f8 (webtiles) character file.

Game seed: 5963854905002667254

144647 Dawnplanks the Marksspriggan (level 16, 0/92 HPs)
             Began as a Spriggan Hunter on Aug 7, 2023.
             Was a High Priest of Okawaru.
             Killed by the air
             ... invoked by a spriggan air mage
              (34 damage)
             ... in the Arena.
             The game lasted 01:30:00 (25634 turns).

Dawnplanks the Marksspriggan (Spriggan Hunter)     Turns: 25634, Time: 01:30:00

Health: 0/92       AC:  7    Str:  5    XL:     16   Next: 85%
Magic:  3/33       EV: 38    Int: 17    God:    Okawaru [*****.]
Gold:   2063       SH: 13    Dex: 32    Spells: 21/24 levels left

rFire   + + .        t - +9 hand crossbow (flame)
rCold   + + +        N - +1 buckler {AC+3}
rNeg    . . .        L - +2 robe {rC+ rF+}
rPois   +            (helmet restricted)
rElec   .            P - scarf {rC+ rF+}
rCorr   .            (gloves unavailable)
SInv    +            (boots unavailable)
Will    ++...        j - amulet of reflection
Stlth   ++++         F - +6 ring of dexterity
HPRegen 0.35/turn    X - ring "Yzuff" {rPois rC++ MP+9 Str-2 Int+6}
MPRegen 0.23/turn

%: reflection
@: duelling, very quick
A: very small, no large weapons, unfitting armour, see invisible, speed 3, claws
2, MP-powered wands
a: Renounce Religion, Heroism, Finesse, Duel


You were in the Arena.
You worshipped Okawaru.
Okawaru was extremely pleased with you.
You visited 5 branches of the dungeon, and saw 27 of its levels.
You also visited: Sewer, Gauntlet and Ice Cave.

You collected 3031 gold pieces.
You spent 968 gold pieces at shops.

Inventory:

Hand Weapons
 t - a +9 hand crossbow of flaming (weapon)
 I - the +10 arbalest of Gamis {drain, +Blink Dex+3}
   (You found it in an ice cave)

   Dex:       It affects your dexterity (+3).
   +Blink:    It lets you blink.
Armour
 r - a +2 cloak
 A - a +0 robe of willpower
 L - a +2 robe of resistance (worn)
 N - a +1 buckler of protection (worn)
 P - a scarf of resistance (worn)
Jewellery
 j - an amulet of reflection (around neck)
 o - a ring of ice
 C - the amulet "Tett" {Faith Fragile +Inv rElec Int+3}
   (You found it on level 8 of the Dungeon)

   [amulet of faith]

   It allows you to gain divine favour quickly.
   Int:       It affects your intelligence (+3).
   rElec:     It insulates you from electricity.
   +Inv:      It lets you turn invisible.
   Fragile:   It will be destroyed if unequipped.
 F - a +6 ring of dexterity (left claw)
 M - a ring of protection from fire
 O - a ring of resist corrosion
 S - a +5 ring of evasion
 X - the ring "Yzuff" (right claw) {rPois rC++ MP+9 Str-2 Int+6}
   (You acquired it on level 1 of the Swamp)

   [ring of intelligence]

   Str:       It affects your strength (-2).
   Int:       It affects your intelligence (+6).
   rC:        It greatly protects you from cold.
   rPois:     It protects you from poison.
   MP:        It affects your magic capacity (+9).
 Y - a +6 ring of dexterity
Wands
 y - a wand of iceblast (22)
 Q - a wand of flame (19)
 V - a wand of mindburst (8)
Scrolls
 b - a scroll of butterflies
 c - a scroll of enchant weapon
 d - a scroll of summoning
 e - 2 scrolls of revelation
 f - 8 scrolls of fear
 h - a scroll of noise
 m - 14 scrolls of teleportation
 p - 2 scrolls of torment
 u - 8 scrolls of fog
 w - 5 scrolls of poison
 x - 3 scrolls of silence
 B - 3 scrolls of vulnerability
 G - 3 scrolls of blinking
 H - 4 scrolls of brand weapon
 J - a scroll of enchant armour
 T - 3 scrolls of immolation
 Z - 2 scrolls of amnesia
Potions
 a - 4 potions of haste
 g - 3 potions of brilliance
 i - 5 potions of invisibility
 k - 9 potions of curing
 l - a potion of heal wounds
 n - 3 potions of attraction
 q - 4 potions of mutation
 s - 3 potions of cancellation
 v - a potion of magic
 z - 3 potions of might
 D - 8 potions of lignification
 E - 2 potions of berserk rage
Miscellaneous
 K - a phial of floods
 R - a tin of tremorstones (2/2)


   Skills:
 + Level 13.6 Fighting
 + Level 20.0 Ranged Weapons
 * Level 15.1 Dodging
 + Level 6.6 Stealth
 * Level 4.1 Shields
 * Level 4.5 Spellcasting
 * Level 4.8 Hexes
 * Level 5.7 Translocations
 - Level 10.6 Invocations


You had 21 spell levels left.
You knew the following spells:

 Your Spells              Type           Power      Damage    Failure   Level
a - Portal Projectile     Hex/Tloc       42%        N/A       9%          3

Your spell library contained the following spells:

 Spells                   Type           Power      Damage    Failure   Level
 Lesser Beckoning         Tloc           46%        N/A       3%          2
 Gell's Gravitas          Tloc           23%        N/A       7%          3
 Teleport Other           Tloc           23%        N/A       7%          3
 Confusing Touch          Hex            20%        N/A       11%         3
 Manifold Assault         Tloc           23%        N/A       24%         4
 Kiss of Death            Conj/Necr      12%        2d6       26%         1
 Inner Flame              Hex/Fire       12%        N/A       28%         3
 Poisonous Vapours        Pois/Air       6%         N/A       36%         2
 Mephitic Cloud           Conj/Pois/Air  3%         N/A       58%         3
 Ozocubu's Armour         Ice            3%         N/A       58%         3
 Iskenderun's Mystic Bla  Conj/Tloc      13%        2d5       61%         4
 Dispel Undead            Necr           3%         3d7       94%         4
 Metabolic Englaciation   Hex/Ice        6%         N/A       95%         5
 Yara's Violent Unravell  Hex/Tmut       6%         3d5       95%         5
 Dispersal                Tloc           11%        N/A       98%         6
 Fireball                 Conj/Fire      1%         3d3       100%        5
 Freezing Cloud           Conj/Ice/Air   1%         6-21      100%        5
 Iskenderun's Battlesphe  Conj           3%         2d6       100%        5
 Conjure Ball Lightning   Conj/Air       1%         3x3d6     100%        6
 Leda's Unmaking          Conj/Erth      1%         9d1       100%        6
 Enfeeble                 Hex            10%        N/A       100%        7
 Orb of Destruction       Conj           1%         9d5       100%        7
 Ozocubu's Refrigeration  Ice            1%         4d7       100%        7
 Disjunction              Tloc           11%        N/A       100%        8
 Tukima's Dance           Hex            Unusable   N/A       N/A         3
 Simulacrum               Ice/Necr       Unusable   N/A       N/A         6
 Spellforged Servitor     Conj/Summ      Unusable   N/A       N/A         7

Dungeon Overview and Level Annotations

Branches:
Dungeon (15/15)            Temple (1/1) D:7            Lair (5/5) D:10
  Swamp (4/4) Lair:3       Spider (0/4) Lair:3        Slime (0/5) Lair:5
    Orc (2/2) D:10            Elf (0/3) Orc:2        Vaults (0/5) D:13
 Depths (0/4) D:15          Sewer (visited)           IceCv (visited)
Gauntlet (visited)

Altars:
Ashenzari
Cheibriados
Dithmenos
Elyvilon
Fedhas
Gozag
Hepliaklqana
Kikubaaqudgha
Makhleb
Nemelex Xobeh
Okawaru
Qazlal
Ru
Sif Muna
Trog
Uskayaw
Vehumet
Wu Jian
Xom
Yredelemnul
Zin
The Shining One

Shops:
D:3 !   D:4 (   D:8 [   D:12 *   Orc:1 [   Orc:2 :(*?

Portals:
Pandemonium: Orc:2

Annotations:
D:7 3 runed translucent doors, Dwayden's ghost, novice DrSh
D:10 3 runed translucent doors, NoWhammies's ghost, journeyman GnSu
Temple 2 transporters
Lair:5 exclusion: obsidian statue


Innate Abilities, Weirdness & Mutations

You are very small and have problems with some larger weapons.
You are too small for most types of armour.
You have supernaturally acute eyesight. (SInv)
You cover ground extremely quickly. (Speed+++)
You have very sharp fingernails.
You expend magic power (3 MP) to strengthen your wands.


Message History

* * * LOW HITPOINT WARNING * * *
You feel much better.
The spriggan air mage completely misses you.
Casting: Portal Projectile (dangerous; 9% risk of failure)
Confirm with . or Enter, or press ? or * to list all spells.
Okay, then.
Fire: t) +9 hand crossbow (flame)
Press: ? - help, Q - select action, (/) - cycle Shift-Dir - straight line, f/p - spriggan air mage
Aim: a spriggan air mage, wearing a +0 robe (lightly wounded, repelling missiles, 20% to hit)
You shoot a bolt.
The bolt completely misses the spriggan air mage.
Your claws slow down.
Fire: t) +9 hand crossbow (flame)
Press: ? - help, Q - select action, (/) - cycle Shift-Dir - straight line, f/p - spriggan air mage
Aim: a spriggan air mage, wearing a +0 robe (lightly wounded, repelling missiles, 20% to hit)
You shoot a bolt.
The bolt closely misses the spriggan air mage.
The spriggan air mage completely misses you.
The spectator jeers loudly at you.
Fire: t) +9 hand crossbow (flame)
Press: ? - help, Q - select action, (/) - cycle Shift-Dir - straight line, f/p - spriggan air mage
Aim: a spriggan air mage, wearing a +0 robe (lightly wounded, repelling missiles, 20% to hit)
You shoot a bolt.
The bolt barely misses the spriggan air mage.
The spriggan air mage completely misses you. x2
Fire: t) +9 hand crossbow (flame)
Press: ? - help, Q - select action, (/) - cycle Shift-Dir - straight line, f/p - spriggan air mage
Aim: a spriggan air mage, wearing a +0 robe (lightly wounded, repelling missiles, 20% to hit)
You shoot a bolt. The bolt misses the spriggan air mage.
The spriggan air mage completely misses you.
Fire: t) +9 hand crossbow (flame)
Press: ? - help, Q - select action, (/) - cycle Shift-Dir - straight line, f/p - spriggan air mage
Aim: a spriggan air mage, wearing a +0 robe (lightly wounded, repelling missiles, 20% to hit)
You shoot a bolt.
The bolt completely misses the spriggan air mage.
The spectator cheers noisily.
The spriggan air mage waves its arms in wide circles.
The air twists around and strikes you!!
You die...
Okawaru crowns the spriggan air mage victorious!

###########
#..p▓∩▓p..# ##
▓▓▓▓▓▓▓▓▓ ##
#.▓ ....... ▓.#
#.▓.#.....#.▓.#
#p▓.........▓p#
#▓▓.........▓▓#
#p▓...i@....▓p#
#▓▓.........▓▓#
#p▓.........▓p#
#.▓.#.....#.▓.#
#.▓ ....... ▓.#
## ▓▓▓▓▓▓▓▓▓ ##
#..p▓p▓p..#
###########


You could see a spriggan air mage (repels missiles).

Vanquished Creatures
  Rupert (Lair:4)
  A frost giant (D:15)
  3 eleionomae
  7 dire elephants (Lair:5)
  A minotaur (Gauntlet)
  5 bunyips
  Snorg (Orc:1)
  13 hydras
  2 ghost crabs
  A rakshasa (D:13)
  2 catoblepae
  A demonspawn (Orc:2)
  2 ironbound frosthearts (IceCv)
  6 alligators
  2 tengu warriors (D:15)
  2 boulder beetles
  4 two-headed ogres
  15 death yaks
  6 orc high priests (Orc:2)
  A soul eater (Orc:2)
  A spriggan berserker (Arena)
  A sun demon (Orc:2)
  Amaemon (Lair:2)
  A death drake (Swamp:4)
  5 goliath frogs
  A spectral anaconda (Lair:5)
  2 spectral death yaks (Lair:5)
  4 swamp dragons
  3 spriggan druids (Swamp:3)
  9 bog bodies
  5 orc knights (Orc:2)
  9 ugly things
  An oklob plant (D:10)
  3 deep elf pyromancers (D:12)
  5 necromancers
  2 wolf spiders
  6 orc sorcerers
  3 manticores
  5 cyclopes
  5 will-o-the-wisps
  A dire elephant zombie (Lair:5)
  13 elephants
  An orange demon (Lair:2)
  6 black mambas
  A gargoyle (Gauntlet)
  An ice statue (IceCv)
  Maggie (Lair:2)
  13 cane toads
  12 rime drakes
  4 swamp worm zombies (Swamp:4)
  An efreet (Gauntlet)
  8 komodo dragons
  An ice devil (Orc:2)
  A tengu conjurer (D:13)
  11 trolls
  A hornet (shapeshifter) (D:13)
  A bloated husk (Swamp:1)
  10 polar bears
  12 tyrant leeches
  A spectral swamp dragon (Swamp:4)
  5 dream sheep (Lair:4)
  16 blink frogs
  9 hornets
  2 spectral elephants (Lair:5)
  2 alligator zombies (Swamp:4)
  2 slime creatures (Gauntlet)
  Sigmund (D:3)
  2 jumping spiders (Lair:3)
  2 culicivoras (Lair:3)
  A shadow (D:11)
  12 spriggans
  4 wyverns
  67 yaks
  6 basilisks
  A wraith (D:14)
  Eustachio (D:6)
  21 vampire mosquitoes
  A fire elemental (Gauntlet)
  8 steam dragons
  A death yak simulacrum (Lair:5)
  2 wargs
  2 acid dragons
  12 swamp worms
  14 water moccasins
  2 hell hounds (Gauntlet)
  A swamp drake (Swamp:1)
  3 black bears
  35 orc warriors
  An ice beast (D:6)
  A sky beast (D:7)
  4 ogres
  29 wolves
  4 centaurs
  An elephant skeleton (Lair:5)
  2 phantoms
  2 gnoll sergeants
  9 bullfrogs
  2 kobold brigands
  3 scorpions
  3 cane toad simulacra (Lair:5)
  3 wights (D:8)
  9 killer bees
  A howler monkey (D:10)
  A crimson imp (D:8)
  2 quasits (D:6)
  3 hounds
  2 jellies
  27 orc priests
  A sleepcap (D:5)
  Crazy Yiuf (D:4)
  2 iguanas
  Ijyb (D:4)
  Terence (D:3)
  6 hell rats (Lair:3)
  23 orc wizards
  13 gnolls
  8 adders
  4 river rats (Sewer)
  A swamp drake zombie (Swamp:4)
  A shadow imp (D:6)
  5 white imps
  2 ufetubi
  A worm (D:2)
  A dart slug (D:1)
  79 orcs
  5 bats
  9 endoplasms
  7 giant cockroaches
  9 goblins (D:4)
  11 hobgoblins
  3 jackals (D:4)
  27 kobolds
  5 quokkas
  15 ball pythons
  5 frilled lizards
  23 rats
861 creatures vanquished.

Vanquished Creatures (others)
  A rime drake (Lair:3)
  A bloated husk (Swamp:3)
  10 foxfires
12 creatures vanquished.

Grand Total: 873 creatures vanquished

Notes
Turn   | Place    | Note
-------+----------+-------------------------------------------
     0 | D:1      | Dawnplanks the Spriggan Hunter began the quest for the Orb.
     0 | D:1      | Reached XP level 1. HP: 10/10 MP: 2/2
   178 | D:1      | Reached XP level 2. HP: 15/15 MP: 3/3
   332 | D:1      | Found a faded altar of an unknown god.
   361 | D:1      | Reached XP level 3. HP: 18/18 MP: 4/4
   502 | D:1      | Reached skill level 5 in Ranged Weapons
  1416 | D:2      | Reached XP level 4. HP: 23/23 MP: 5/5
  2121 | D:3      | Found Kemureg's Distillery.
  2127 | D:3      | Bought a potion of curing for 33 gold pieces
  2127 | D:3      | Bought a potion of degeneration for 11 gold pieces
  2236 | D:3      | Found an ornate altar of the Wu Jian Council.
  2258 | D:3      | Noticed Terence
  2262 | D:3      | Noticed Sigmund
  2293 | D:3      | Killed Terence
  2454 | D:3      | Reached XP level 5. HP: 26/26 MP: 6/6
  2458 | D:3      | You fall into a shaft and drop 1 floor!
  2582 | D:3      | Killed Sigmund
  2583 | D:3      | Reached skill level 6 in Ranged Weapons
  2583 | D:3      | Reached XP level 6. HP: 32/32 MP: 7/7
  2701 | D:4      | Noticed a steam dragon
  2715 | D:4      | Killed a steam dragon
  2716 | D:4      | Reached skill level 7 in Ranged Weapons
  2830 | D:4      | Reached XP level 7. HP: 35/35 MP: 8/8
  2917 | D:4      | Found Zuoph's Antique Weapon Shoppe.
  3040 | D:4      | Found a runed translucent door.
  3041 | D:4      | Noticed Crazy Yiuf
  3076 | D:4      | Killed Crazy Yiuf
  3173 | D:4      | Noticed Ijyb
  3205 | D:4      | Killed Ijyb
  3206 | D:4      | Reached skill level 8 in Ranged Weapons
  3425 | D:5      | Entered Level 5 of the Dungeon
  3495 | D:5      | Found a glowing drain.
  3499 | Sewer    | Entered a sewer
  3984 | Sewer    | Gained mutation: Armour fits poorly on your strangely
                  | shaped body. [potion of mutation]
  3985 | Sewer    | Lost mutation: Armour fits poorly on your strangely shaped
                  | body. [potion of mutation]
  3985 | Sewer    | Gained mutation: You occasionally lose the ability to drink
                  | potions when taking damage. [potion of mutation]
  3985 | Sewer    | Gained mutation: Your body sometimes deteriorates upon
                  | taking damage. [potion of mutation]
  3985 | Sewer    | Gained mutation: You expend magic power (3 MP) to
                  | strengthen your wands. [potion of mutation]
  3986 | Sewer    | Lost mutation: You expend magic power (3 MP) to strengthen
                  | your wands. [potion of mutation]
  3986 | Sewer    | Lost mutation: You occasionally lose the ability to drink
                  | potions when taking damage. [potion of mutation]
  3987 | Sewer    | Lost mutation: Your body sometimes deteriorates upon taking
                  | damage. [potion of mutation]
  3987 | Sewer    | Gained mutation: You have sharp fingernails. [potion of
                  | mutation]
  3987 | Sewer    | Gained mutation: You have very sharp fingernails. [potion
                  | of mutation]
  3987 | Sewer    | Gained mutation: You expend magic power (3 MP) to
                  | strengthen your wands. [potion of mutation]
  4062 | D:5      | Reached skill level 10 in Ranged Weapons
  4062 | D:5      | Reached skill level 10 in Dodging
  4062 | D:5      | Reached XP level 8. HP: 45/45 MP: 9/9
  4145 | D:5      | Reached skill level 11 in Ranged Weapons
  4801 | D:6      | Reached XP level 9. HP: 46/49 MP: 10/10
  4940 | D:6      | Noticed Eustachio
  4962 | D:6      | Killed Eustachio
  5415 | D:7      | Reached skill level 12 in Ranged Weapons
  5466 | D:7      | Reached skill level 1 in Shields
  5599 | D:7      | Reached XP level 10. HP: 55/55 MP: 11/11
  5793 | D:7      | Found a staircase to the Ecumenical Temple.
  5798 | Temple   | Found a transporter.
  5798 | Temple   | Found a transporter.
  5798 | Temple   | Found a transporter.
  5798 | Temple   | Found a transporter.
  5798 | Temple   | Entered the Ecumenical Temple
  5811 | Temple   | Became a worshipper of Warmaster Okawaru
  5994 | D:7      | Found a runed translucent gate.
  5994 | D:7      | Found a runed translucent gate.
  5994 | D:7      | Found a runed translucent gate.
  5997 | D:7      | Noticed Dwayden's ghost (novice DrSh)
  6132 | D:8      | Identified the amulet "Tett" {Faith Fragile +Inv rElec
                  | Int+3}
  6376 | D:8      | Found Fobuam's Antique Armour Shoppe.
  6534 | D:8      | Found a white marble altar of Elyvilon.
  7168 | D:9      | Noticed a manticore
  7172 | D:9      | Killed a manticore
  7172 | D:9      | Reached * piety under Okawaru
  7173 | D:9      | Reached skill level 1 in Invocations
  7744 | D:10     | Entered Level 10 of the Dungeon
  7748 | D:10     | Noticed a cyclops
  7773 | D:10     | Reached skill level 13 in Ranged Weapons
  7841 | D:10     | Found a shimmering altar of Xom.
  7864 | D:10     | Reached ** piety under Okawaru
  7873 | D:10     | Noticed a green ugly thing
  7935 | D:10     | Noticed a gargoyle
  7936 | D:10     | Killed a green ugly thing
  7936 | D:10     | Noticed NoWhammies's ghost (journeyman GnSu)
  8028 | D:10     | Found a runed translucent gate.
  8028 | D:10     | Found a runed translucent gate.
  8039 | D:10     | Found a staircase to the Orcish Mines.
  8109 | D:10     | Found a staircase to the Lair.
  8112 | D:10     | Noticed an oklob plant
  8723 | D:10     | Found a runed translucent gate.
  9340 | D:11     | Reached XP level 11. HP: 50/60 MP: 13/13
 10095 | D:11     | Reached *** piety under Okawaru
 10340 | D:10     | Killed an oklob plant
 10340 | D:10     | Received a gift from Okawaru
 10398 | Lair:1   | Entered Level 1 of the Lair of Beasts
 10601 | Lair:1   | Reached skill level 14 in Ranged Weapons
 10607 | Lair:1   | Found a frozen archway.
 10623 | Lair:1   | Reached **** piety under Okawaru
 10716 | IceCv    | Entered an ice cave
 10787 | IceCv    | Noticed a white ugly thing
 10822 | IceCv    | Killed a white ugly thing
 10943 | IceCv    | Reached ***** piety under Okawaru
 11027 | IceCv    | Identified the +10 arbalest of Gamis {drain, +Blink Dex+3}
 11283 | IceCv    | Noticed an ironbound frostheart
 11284 | IceCv    | Noticed an ironbound frostheart
 11285 | IceCv    | Reached XP level 12. HP: 66/66 MP: 16/16
 11303 | IceCv    | Killed an ironbound frostheart
 11304 | IceCv    | Reached skill level 5 in Invocations
 11308 | IceCv    | Killed an ironbound frostheart
 11313 | IceCv    | Received a gift from Okawaru
 11427 | IceCv    | Reached skill level 15 in Ranged Weapons
 11757 | Lair:1   | Identified the +3 chain mail "Mejaemat" {rPois Int+3
                  | Stlth+}
 12127 | Lair:2   | Noticed a death yak
 12127 | Lair:2   | Noticed a death yak
 12127 | Lair:2   | Noticed a death yak
 12132 | Lair:2   | Killed a death yak
 12144 | Lair:2   | Killed a death yak
 12151 | Lair:2   | Killed a death yak
 12260 | Lair:2   | Identified the +0 robe "Bylinaar" {Dex+3} (Okawaru gifted
                  | it to you on level 2 of the Lair of Beasts)
 12260 | Lair:2   | Received a gift from Okawaru
 12264 | Lair:2   | Noticed Maggie
 12278 | Lair:2   | Killed Maggie
 12298 | Lair:2   | Found a gate leading to a gauntlet.
 12309 | Gauntlet | Entered a Gauntlet
 12309 | Gauntlet | Found a transporter.
 12322 | Gauntlet | Found a transporter.
 12324 | Gauntlet | Found a transporter.
 12335 | Gauntlet | Found a transporter.
 12337 | Gauntlet | Noticed a catoblepas
 12338 | Gauntlet | Found a transporter.
 12342 | Gauntlet | Found a runed translucent door.
 12343 | Gauntlet | Found a runed translucent door.
 12346 | Gauntlet | Found a transporter.
 12362 | Gauntlet | Found a transporter.
 12373 | Gauntlet | Found a transporter.
 12377 | Gauntlet | Noticed a seven-headed hydra
 12383 | Gauntlet | Found a transporter.
 12388 | Gauntlet | Found a transporter.
 12405 | Gauntlet | Found a transporter.
 12416 | Gauntlet | Found a transporter.
 12418 | Gauntlet | Found a transporter.
 12466 | Gauntlet | Found a transporter.
 12773 | Gauntlet | Killed a catoblepas
 12879 | Gauntlet | Reached skill level 10 in Fighting
 12908 | Gauntlet | Noticed a minotaur
 12914 | Gauntlet | Killed a minotaur
 13022 | Lair:2   | Identified a scroll of acquirement
 13023 | Lair:2   | Acquired 479 gold pieces
 13161 | Lair:2   | Noticed Amaemon
 13165 | Lair:2   | Killed Amaemon
 13166 | Lair:2   | Reached XP level 13. HP: 72/72 MP: 17/19
 13253 | Lair:2   | Identified the +11 short sword of Xotzem {freeze, Fly}
 13291 | Lair:2   | Reached skill level 16 in Ranged Weapons
 13749 | Lair:3   | Reached skill level 5 in Stealth
 13792 | Lair:3   | Found a staircase to the Swamp.
 14158 | Lair:3   | Found a hole to the Spider Nest.
 14591 | Lair:4   | You fall into a shaft and drop 1 floor!
 14591 | Lair:5   | Entered Level 5 of the Lair of Beasts
 14599 | Lair:4   | Noticed Rupert
 14622 | Lair:4   | Killed Rupert
 14622 | Lair:4   | Identified the +2 animal skin of Hacoimp {rElec rC+ Will-
                  | Dex+3} (Okawaru gifted it to you on level 4 of the Lair of
                  | Beasts)
 14622 | Lair:4   | Received a gift from Okawaru
 14623 | Lair:4   | Reached skill level 17 in Ranged Weapons
 15303 | Lair:5   | Noticed a dire elephant
 15303 | Lair:5   | Noticed a dire elephant
 15304 | Lair:5   | Noticed a dire elephant
 15304 | Lair:5   | Noticed a dire elephant
 15304 | Lair:5   | Noticed a dire elephant
 15307 | Lair:5   | Noticed a dire elephant
 15309 | Lair:5   | Killed a dire elephant
 15333 | Lair:5   | Killed a dire elephant
 15336 | Lair:5   | Reached XP level 14. HP: 77/77 MP: 21/21
 15564 | Lair:5   | Identified the +0 buckler of the Circus Animal {rElec}
                  | (Okawaru gifted it to you on level 5 of the Lair of Beasts)
 15564 | Lair:5   | Received a gift from Okawaru
 15607 | Lair:5   | Reached skill level 18 in Ranged Weapons
 15697 | Lair:5   | Reached ****** piety under Okawaru
 15754 | Arena    | Entered the Arena
 16045 | Lair:5   | Found a staircase to the Slime Pits.
 16447 | Lair:5   | Received a gift from Okawaru
 16619 | Lair:5   | Reached XP level 15. HP: 70/84 MP: 23/23
 16666 | Lair:5   | Identified the +10 rapier "Fiduj" {spect, Will- Str+7}
 16982 | Orc:1    | Entered Level 1 of the Orcish Mines
 17141 | Orc:1    | Noticed Snorg
 17146 | Orc:1    | Killed Snorg
 17255 | Orc:2    | Entered Level 2 of the Orcish Mines
 17311 | Orc:2    | Identified the +8 shortbow "Diaggexti" {freeze, rElec
                  | Str+4} (Okawaru gifted it to you on level 2 of the Orcish
                  | Mines)
 17311 | Orc:2    | Received a gift from Okawaru
 17504 | Orc:2    | Found Qurexoc's Magic Scroll Boutique.
 17508 | Orc:2    | Found Riffos's General Store.
 17574 | Orc:2    | Bought a scroll of teleportation for 48 gold pieces
 17574 | Orc:2    | Bought a scroll of identify for 32 gold pieces
 17574 | Orc:2    | Bought a scroll of identify for 32 gold pieces
 17617 | Orc:2    | Reached skill level 19 in Ranged Weapons
 17788 | Orc:2    | Reached skill level 10 in Invocations
 18026 | Orc:2    | Found a staircase to the Elven Halls.
 18172 | Orc:2    | Paralysed by an orc sorcerer for 4 turns
 18218 | Orc:2    | Received a gift from Okawaru
 18240 | Orc:2    | Found Neapto's Book Emporium.
 18240 | Orc:2    | Found Xebbofroas's Antique Weapon Shoppe.
 18253 | Orc:2    | Found a one-way gate leading to the halls of Pandemonium.
 18376 | Orc:1    | Found Isemp's Antique Armour Emporium.
 18419 | Orc:1    | Bought a glowing scarf for 272 gold pieces
 18796 | D:12     | Found Tilyikya's Serpentskin Sales.
 19445 | Orc:2    | Bought a scroll of enchant weapon for 120 gold pieces
 19445 | Orc:2    | Bought a scroll of enchant weapon for 120 gold pieces
 19814 | D:13     | Identified the +8 chain mail of Past Mistakes {Will+}
 20280 | D:13     | Found a gate to the Vaults.
 20436 | D:14     | Found a shimmering altar of Xom.
 20440 | D:14     | Found a shimmering altar of Xom.
 20826 | D:14     | Found a snail-covered altar of Cheibriados.
 20959 | D:15     | Entered Level 15 of the Dungeon
 21069 | D:15     | Identified the +2 chain mail of Biuferir {*Corrode rElec
                  | Will+ Int+2}
 21374 | D:15     | Found a staircase to the Depths.
 21374 | D:15     | Noticed a frost giant
 21389 | D:15     | Killed a frost giant
 21509 | D:15     | Found a sparkling altar of Nemelex Xobeh.
 21561 | D:15     | Reached XP level 16. HP: 91/91 MP: 24/24
 21689 | D:15     | Learned a level 3 spell: Portal Projectile
 21948 | Swamp:1  | Entered Level 1 of the Swamp
 21961 | Arena    | Entered the Arena
 22132 | Swamp:1  | Reached skill level 1 in Hexes
 22152 | Swamp:1  | Reached skill level 1 in Spellcasting
 22152 | Swamp:1  | Reached skill level 1 in Translocations
 22335 | D:12     | Bought a ring of poison resistance for 300 gold pieces
 22566 | Swamp:1  | Received a gift from Okawaru
 22595 | Swamp:1  | Acquired the ring "Yzuff" {rPois rC++ MP+9 Str-2 Int+6}
 23658 | Swamp:2  | Identified the +1 cloak "Joskupt" {+Blink} (Okawaru gifted
                  | it to you on level 2 of the Swamp)
 23658 | Swamp:2  | Received a gift from Okawaru
 25001 | Swamp:4  | Entered Level 4 of the Swamp
 25066 | Swamp:4  | Reached skill level 15 in Dodging
 25066 | Swamp:4  | Reached skill level 5 in Translocations
 25270 | Swamp:4  | Reached skill level 20 in Ranged Weapons
 25516 | Swamp:4  | Received a gift from Okawaru
 25590 | Arena    | Entered the Arena
 25618 | Arena    | Entered the Arena
 25624 | Arena    | HP: 1/92 [spriggan air mage/bolt of lightning (27)]
 25634 | Arena    | Killed from afar by a spriggan air mage

Illustrated notes

Levels and vault maps discovered:
D:1:      co_arrival_square_in_a_square_in_a_square, layout_basic,
          hellmonk_ecumenical_altar_pennies_from_heaven,
          minmay_shallow_snake_nest
D:2:      layout_basic, minmay_misc_feat_diagonals, grunt_ministairs_8
D:3:      layout_basic, mainiacjoe_overflow_small_starburst, serial_shops, shop,
          uniq_sigmund, uniq_terence
D:4:      kennysheep_goblin_castle, layout_cave_pools, serial_shops,
          nicolae_shop_advertising_works [nicolae_subvault_shop_adworks],
          uniq_crazy_yiuf_cottage
D:5:      layout_rooms, gup_sewer_entry_bowl
D:6:      layout_loops_ring, serial_demonic, serial_demonic_g, serial_demonic_c,
          serial_demonic_e, serial_demonic_f, uniq_eustachio
D:7:      layout_loops_ring, temple_doors_e, gammafunk_ghost_nasty_kobolds
D:8:      layout_loops_ring, elyvilon_altar_4, serial_shops,
          nicolae_shop_just_a_little_nook, minmay_fire_ice_demons
D:9:      layout_long_grid
D:10:     layout_cave_pools, overflow_temple_1_default, dpeg_oklobed_lair,
          orc_0_dummy, gammafunk_ghost_split
D:11:     layout_gridville, chequers_serial_rivers_micro_e
D:12:     layout_rooms, guppyfry_shop_venom
D:13:     layout_layer_cave, david_vaults_1
D:14:     layout_loops_ring, special_room [special_room_orc],
          cheibriados_altar_1, xom_redecorated
D:15:     grunt_enter_depths_snipers, layout_irregular_city,
          nemelex_spade_bored_becter
Temple:   hellmonk_temple_divided_pantheon
Lair:1:   layout_cave_pods, portal_ice_cave_entry_pillars_2
Lair:2:   layout_misc_corridors, gauntlet_entry_generic, serial_bayou_shore_a,
          uniq_amaemon, uniq_maggie
Lair:3:   layout_regular_city, swamp_mist_pool, spider_nest_entry_funnel_web,
          bobbens_dragon_lair_wall, grunt_megastairs_2
Lair:4:   layout_roguey, nicolae_lair_run_with_the_wolves, uniq_rupert
Lair:5:   due_jungle_book, layout_misc_corridors, slime_entry_1
Swamp:1:  layout_basic_swamp, wheals_swamp_sinkhole, swamp_pool1
Swamp:2:  layout_falls_marsh, evilmike_swamp_ruin_house_6, swamp_pool3
Swamp:3:  nicolae_swamp_ascending_descending, layout_basic_swamp,
          evilmike_swamp_ruin_house_1, swamp_pool1, nicolae_swamp_spriggan_camp
Swamp:4:  swamp_pestilence, layout_basic_swamp, infiniplex_staircase_pool_2
Orc:1:    layout_caves, basic_altar, serial_shops, shop, mines1_david,
          uniq_snorg
Orc:2:    pf_orc_diabolical, layout_caves, basic_altar
Arena

Skill      XL: |  1  2  3  4  5  6  7  8  9 10 11 12 13 14 15 16 |
---------------+-------------------------------------------------+-----
Ranged Weapons | 5 6 7 10 11 12 13 14 15 17 18 19 20 | 20.0
Dodging        | 3 10 11 12 14 15 | 15.1
Fighting       | 2 6 7 8 9 10 12 13 | 13.6
Stealth        | 2 3 4 5 6 |  6.6
Shields        | 1 2 4 |  4.1
Invocations    | 2 4 6 8 9 10 | 10.6
Hexes          | 4 |  4.8
Spellcasting   | 4 |  4.5
Translocations | 5 |  5.7

Action                     |  1- 3 |  4- 6 |  7- 9 | 10-12 | 13-15 | 16-18 || total
---------------------------+-------+-------+-------+-------+-------+-------++-------
   Fire: Shortbow          |   131 |   121 |   464 |   477 |       |       ||  1193
         Arbalest          |       |       |    23 |   266 |   836 |       ||  1125
         Hand crossbow     |       |       |       |       |   149 |   378 ||   527
   Cast: Portal Projectile |       |       |       |       |       |    20 ||    20
 Invoke: Heroism           |       |       |       |     5 |     4 |     1 ||    10
         Finesse           |       |       |       |     4 |     3 |     1 ||     8
         Duel              |       |       |       |       |     1 |     3 ||     4
    Use: Potion            |       |     1 |     5 |     1 |     1 |     6 ||    14
         Scroll            |       |       |     7 |    11 |    17 |     3 ||    38
 Armour: Robe              |     7 |     1 |       |    14 |     9 |     3 ||    34
         Steam dragon scal |       |       |    32 |       |       |       ||    32
  Dodge: Dodged            |    18 |    24 |   177 |   248 |   292 |   133 ||   892
  Block: Other             |       |     5 |    54 |    59 |    48 |       ||   166
         Reflection        |       |       |     5 |     4 |     3 |     4 ||    16
         Buckler           |       |       |       |       |    18 |    84 ||   102

Table legend: (Time is in decaauts)
 A = Elapsed time spent in this place.
 B = Non-inter-level travel time spent in this place.
 C = Inter-level travel time spent in this place.
 D = Time resting spent in this place.
 E = Time spent auto-exploring this place.
 F = Levels seen in this place.
 G = Mean time per level.
                   A        B        C        D        E       F      G
               +--------+--------+--------+--------+--------+-----+--------+
         Total |  18970 |  17582 |   1388 |   1879 |  11527 |  34 |  557.9 |
       Dungeon |   9451 |   8747 |    704 |    990 |   6032 |  15 |  630.1 |
        Temple |     21 |      5 |     16 |      0 |      0 |   1 |   21.0 |
          Lair |   3912 |   3416 |    496 |    310 |   2208 |   5 |  782.4 |
         Swamp |   2764 |   2686 |     78 |    333 |   1822 |   4 |  691.0 |
  Orcish Mines |   1273 |   1182 |     91 |    140 |    658 |   2 |  636.5 |
         Sewer |    359 |    359 |      0 |      0 |    201 |   1 |  359.0 |
      Ice Cave |    629 |    629 |      0 |      0 |    405 |   1 |  629.0 |
      Gauntlet |    492 |    492 |      0 |     76 |    199 |   1 |  492.0 |
         Arena |     66 |     66 |      0 |     29 |      0 |   4 |   16.5 |
               +--------+--------+--------+--------+--------+-----+--------+

Top non-repeatable levels by time:
    D:10: 1456 daAuts
  Lair:5: 1262 daAuts
 Swamp:1: 1000 daAuts
   Orc:2: 923 daAuts
  Lair:3: 911 daAuts
    D:11: 875 daAuts
     D:2: 849 daAuts
 Swamp:3: 787 daAuts
  Lair:1: 664 daAuts
    D:13: 655 daAuts
   IceCv: 629 daAuts
     D:7: 622 daAuts
     D:9: 606 daAuts
     D:6: 571 daAuts
  Lair:2: 569 daAuts
